AoeStats
← 从不压堡之人

MegaRandom

509353698Analyzed
4v4 RM · 6d ago on Sep 26, 2026· 54m 36s· 8 players
Game mode
Random Map
Map size
Large (8 player)
Population
200
Speed
Normal
Resources
Standard
Victory
Conquest
Starting age
Dark Age
Ending age
Imperial Age
RankedLock teamsTeams togetherTeam positionsShared explorationLock speedFull tech treeHidden civsTurbo modeCheats
Victory
Defeat
🇹🇷 Slavs · Türkiye
1097
+15
🇹🇷 Maya · Türkiye
1077
+16
🇹🇷 Inca · Türkiye
1058
+17
🇨🇳 Mongols · China
1042
+18
1143
-18
🇨🇳 Spanish · China
1106
-18
1043
-15
🇨🇳 Tatars · China
1035
-15
Subuday Noyan
12:04 Feudal Age
16:11 Castle Age
16:04 Double-Bit Axe
16:04 Horse Collar
16:28 Stone Mining
17:26 Bow Saw
17:35 Scale Mail Armor
17:46 Forging
23:03 Wheelbarrow
27:55 Imperial Age
25:41 Hand Cart
25:11 Loom
26:00 Scale Mail Armor
26:10 Forging
26:23 Heavy Plow
27:05 Chain Mail Armor
27:14 Gold Mining
26:57 Man-at-Arms
27:38 Squires
29:06 Iron Casting
28:22 Fletching
29:33 Plate Mail Armor
28:24 Long Swordsman
30:19 Gold Shaft Mining
31:09 Blast Furnace
29:31 Two-Handed Swordsman
29:42 Pikeman
30:31 Bodkin Arrow
31:43 Two-Man Saw
30:52 Champion
32:18 Halberdier
33:52 Conscription
33:38 Capped Ram
35:27 Crop Rotation
35:20 Bodkin Arrow
34:54 Siege Ram
37:42 Ballistics
38:23 Chemistry
37:31 Siege Engineers
37:48 Ballistics
38:06 Bodkin Arrow
37:49 Onager
39:48 Chemistry
42:25 Caravan
42:18 Siege Onager
43:26 Town Watch
44:38 Siege Onager
47:09 Hoardings
Hawkozi
11:10 Feudal Age
17:25 Castle Age
16:30 Forging
16:42 Double-Bit Axe
19:23 Wheelbarrow
19:28 Iron Casting
25:01 Scale Mail Armor
24:53 Eagle Warrior
26:55 Arson
28:47 Ballistics
28:50 Bow Saw
28:04 Crossbowman
29:10 Thumb Ring
29:25 Padded Archer Armor
29:16 Fletching
29:33 Squires
29:31 Horse Collar
33:46 Imperial Age
31:55 Leather Archer Armor
31:36 Bodkin Arrow
33:54 Arbalester
35:50 Ring Archer Armor
35:20 Bracer
37:51 Blast Furnace
38:51 Elite Skirmisher
39:13 Elite Eagle Warrior
39:27 Capped Ram
39:33 Pikeman
40:33 Chain Mail Armor
41:12 Holcans
40:20 Siege Ram
42:10 Plate Mail Armor
43:29 Chemistry
46:43 Hand Cart
The Hunter
0:35 Loom
9:57 Feudal Age
11:26 Wheelbarrow
12:58 Double-Bit Axe
13:52 Horse Collar
19:09 Gold Mining
19:46 Scale Mail Armor
24:17 Castle Age
23:07 Stone Mining
23:25 Padded Archer Armor
23:15 Fletching
23:36 Forging
26:10 Squires
25:56 Arson
26:43 Leather Archer Armor
26:43 Chain Mail Armor
27:00 Bow Saw
27:17 Heavy Plow
27:02 Pikeman
27:40 Elite Skirmisher
29:12 Gold Shaft Mining
29:46 Stone Shaft Mining
30:14 Hand Cart
31:24 Champi Runner
33:10 Bodkin Arrow
33:11 Champi Warrior
37:59 Iron Casting
40:16 Imperial Age
41:10 Ballistics
42:03 Chemistry
40:46 Halberdier
40:58 Capped Ram
41:54 Siege Ram
50:30 Plate Mail Armor
51:01 Blast Furnace
51:49 Blast Furnace
51:33 Ring Archer Armor
51:03 Bracer
52:16 Crop Rotation
52:35 Bracer
_xy_2252
1:04 Loom
1:04 Loom
12:58 Feudal Age
14:17 Wheelbarrow
13:29 Double-Bit Axe
18:30 Castle Age
16:18 Fishing Lines
16:47 Horse Collar
18:12 Gold Mining
20:23 Heavy Plow
20:46 Stone Mining
21:09 Bow Saw
30:55 Imperial Age
28:14 Town Watch
30:19 Fletching
30:30 Padded Archer Armor
30:52 Hand Cart
31:20 Gold Shaft Mining
32:11 Bodkin Arrow
32:32 Leather Archer Armor
32:53 Bracer
33:39 Onager
35:39 Chemistry
34:59 Siege Onager
37:19 Drill
36:24 Siege Onager
40:01 Conscription
39:42 Nomads
39:22 Capped Ram
40:16 Siege Ram
41:41 Caravan
45:19 Scale Barding Armor
45:26 Forging
洗心革面重新做人TownYan
0:35 Loom
11:33 Feudal Age
13:14 Double-Bit Axe
15:31 Castle Age
14:09 Gold Mining
15:40 Stone Mining
16:44 Horse Collar
17:55 Bow Saw
18:21 Fletching
23:15 Bodkin Arrow
24:30 Ballistics
25:30 Wheelbarrow
24:43 Town Watch
25:03 Padded Archer Armor
27:12 Stone Shaft Mining
27:03 Hand Cart
31:22 Imperial Age
29:09 Scale Mail Armor
29:36 Town Patrol
30:37 Leather Archer Armor
30:35 Fortified Wall
30:30 Treadmill Crane
31:01 Caravan
31:51 Devotion
32:09 Bracer
33:10 Chemistry
33:05 Ring Archer Armor
33:40 Chain Mail Armor
33:36 Forging
33:00 Eagle Warrior
33:41 Squires
33:27 Arson
34:04 Conscription
35:50 Elite Plumed Archer
37:58 Plate Mail Armor
38:03 Iron Casting
36:50 Elite Eagle Warrior
42:04 Blast Furnace
41:39 Thumb Ring
42:10 Guilds
42:50 Hul'che Javelineers
43:28 Holcans
46:33 Two-Man Saw
45:33 Heavy Plow
48:10 Crop Rotation
48:16 Hoardings
54:36 Masonry
我不是蓝精灵
11:20 Feudal Age
12:44 Loom
15:28 Castle Age
13:50 Double-Bit Axe
14:13 Horse Collar
16:21 Wheelbarrow
16:51 Bow Saw
17:45 Heavy Plow
20:44 Hand Cart
23:11 Gold Mining
28:42 Imperial Age
27:22 Gold Shaft Mining
26:38 Stone Mining
27:54 Caravan
27:45 Town Watch
28:10 Grand Trunk Road
28:12 Padded Archer Armor
29:22 Leather Archer Armor
30:24 Chemistry
29:27 Shatagni
30:44 Two-Man Saw
30:33 Ring Archer Armor
30:07 Murder Holes
31:00 Town Patrol
32:51 Fletching
33:12 Forging
33:02 Scale Mail Armor
33:42 Stone Shaft Mining
34:00 Conscription
34:17 Hoardings
34:50 Coinage
35:48 Elite Skirmisher
36:35 Thumb Ring
37:09 Iron Casting
36:49 Chain Mail Armor
36:43 Squires
36:28 Arson
37:38 Banking
37:27 Bodkin Arrow
38:05 Masonry
38:16 Ballistics
38:03 Siege Engineers
37:49 Guard Tower
38:09 Fortified Wall
40:53 Blast Furnace
41:40 Bracer
41:46 Scale Barding Armor
41:22 Elite Ghulam
44:19 Chain Barding Armor
44:52 Siege Elephant
从不压堡之人
12:03 Feudal Age
15:41 Castle Age
13:39 Double-Bit Axe
14:23 Fishing Lines
16:10 Wheelbarrow
16:10 Town Watch
18:05 Bow Saw
19:02 Horse Collar
19:50 Heavy Plow
21:53 Loom
23:34 Hand Cart
26:15 Gillnets
26:26 Caravan
27:41 Stone Mining
27:45 Gold Mining
31:12 Imperial Age
29:48 Medium Warships
29:38 Fletching
30:24 Ballistics
31:01 Fortified Wall
31:47 Town Patrol
31:43 Bodkin Arrow
31:54 Scale Barding Armor
33:25 Chemistry
33:35 Two-Man Saw
32:36 Inquisition
32:57 Conscription
33:11 Devotion
33:28 Bracer
33:49 Chain Barding Armor
34:17 Clinker Construction
33:30 Elite Cannon Galleon
34:02 Arrowslits
34:07 Guard Tower
34:13 Murder Holes
34:29 Masonry
34:40 Guilds
35:26 Supremacy
35:32 Block Printing
35:37 Sanctity
35:42 Illumination
35:27 Redemption
35:43 Illumination
35:28 Redemption
35:28 Fervor
35:54 Theocracy
36:59 Keep
36:54 Architecture
37:01 Plate Barding Armor
36:27 Padded Archer Armor
37:25 Husbandry
37:35 Bloodlines
38:49 Leather Archer Armor
40:47 Stone Shaft Mining
39:34 Elite Conquistador
41:37 Ring Archer Armor
41:56 Forging
45:22 Bombard Tower
45:37 Capped Ram
46:55 Herbal Medicine
46:46 Capped Ram
49:35 Siege Ram
我怕你审判长?
11:46 Feudal Age
15:32 Castle Age
13:31 Double-Bit Axe
15:17 Fletching
16:47 Bodkin Arrow
17:06 Bow Saw
19:13 Horse Collar
21:13 Heavy Plow
22:45 Wheelbarrow
25:03 Gold Mining
25:05 Stone Mining
26:34 Bloodlines
26:24 Husbandry
28:58 Imperial Age
28:24 Gold Shaft Mining
28:23 Loom
28:53 Hand Cart
29:18 Ballistics
28:38 Treadmill Crane
29:14 Onager
30:00 Bracer
31:05 Chemistry
31:09 Padded Archer Armor
31:13 Husbandry
33:23 Leather Archer Armor
35:28 Conscription
35:20 Timurid Siegecraft
35:12 Silk Armor
37:17 Heavy Cavalry Archer
38:48 Ring Archer Armor
43:10 Caravan
43:21 Guilds
42:59 Elite Keshik
47:26 Scale Barding Armor
47:31 Forging
48:31 Chain Barding Armor
50:03 Iron Casting
51:07 Plate Barding Armor
52:34 Blast Furnace
Connection lost

Rejoining the realm…

Still unreachable

The connection could not be restored.

Session expired

The server has moved on; the page needs a fresh start.